AoeStats
← YellowHaze

MegaRandom

509127162Analyzed
4v4 RM · 6d ago on Sep 25, 2026· 65m 14s· 8 players
Game mode
Random Map
Map size
Large (8 player)
Population
200
Speed
Normal
Resources
Standard
Victory
Conquest
Starting age
Dark Age
Ending age
Imperial Age
RankedLock teamsTeams togetherTeam positionsShared explorationLock speedFull tech treeHidden civsTurbo modeCheats
Victory
Defeat
962
+17
🇨🇳 Maya · China
957
+17
🇵🇰 Mongols · Pakistan
919
+19
🇨🇳 Chinese · China
871
+51
🇧🇪 Byzantines · Belgium
996
-19
🇪🇸 Inca · Spain
990
-19
🇫🇷 Teutons · France
985
-19
🇲🇦 Cumans · Morocco
940
-17
Manchuria lmuberjack
10:27 Feudal Age
12:14 Loom
16:51 Castle Age
17:49 Medium Warships
17:59 Fletching
21:00 Bodkin Arrow
22:36 Double-Bit Axe
24:08 Horse Collar
25:08 Heavy Plow
28:12 Bow Saw
28:50 Wheelbarrow
34:10 Imperial Age
35:31 Heavy Warships
35:13 Bracer
44:52 Two-Man Saw
47:50 Thumb Ring
47:06 Crossbowman
47:06 Elite Skirmisher
49:45 Capped Ram
64:31 Spies/Treason
YellowHaze
2:54 Loom
11:07 Feudal Age
12:46 Wheelbarrow
15:50 Castle Age
17:59 Fletching
19:29 Padded Archer Armor
19:27 Horse Collar
21:46 Husbandry
23:39 Ballistics
23:45 Bloodlines
25:02 Heavy Plow
25:03 Gold Mining
26:28 Bodkin Arrow
26:25 Town Watch
27:11 Leather Archer Armor
28:44 Double-Bit Axe
33:33 Imperial Age
32:21 Forging
32:35 Hand Cart
34:29 Stone Mining
34:54 Bracer
36:03 Chemistry
35:26 Thumb Ring
36:03 Conscription
37:05 Bow Saw
40:10 Stone Shaft Mining
40:43 Iron Casting
40:14 Scale Barding Armor
39:58 Elite Mangudai
40:16 Light Cavalry
42:23 Blast Furnace
43:09 Parthian Tactics
43:11 Chain Barding Armor
42:57 Hussar
44:20 Nomads
48:24 Fortified Wall
瘦死的骆驼比马大
11:51 Feudal Age
15:52 Castle Age
14:41 Double-Bit Axe
20:24 Husbandry
21:47 Horse Collar
24:11 Wheelbarrow
23:22 Loom
25:29 Hand Cart
30:41 Imperial Age
28:22 Scale Mail Armor
28:27 Scale Barding Armor
29:42 Bloodlines
30:38 Gold Mining
30:39 Stone Mining
31:25 Conscription
30:40 Cavalier
32:52 Chain Barding Armor
32:43 Forging
33:16 Bow Saw
33:44 Savar
35:43 Plate Barding Armor
35:44 Iron Casting
37:50 Two-Man Saw
39:06 Blast Furnace
42:35 Light Cavalry
46:39 Chemistry
46:00 Ballistics
45:41 Padded Archer Armor
45:32 Fletching
46:21 Masonry
46:06 Murder Holes
45:42 Crossbowman
46:28 Thumb Ring
45:54 Hussar
47:36 Kamandaran
48:16 Town Watch
50:28 Heavy Plow
52:19 Leather Archer Armor
52:00 Bodkin Arrow
53:12 Town Patrol
55:43 Crop Rotation
58:06 Ring Archer Armor
gysrj777098
5:39 Loom
15:21 Feudal Age
16:11 Horse Collar
17:34 Double-Bit Axe
17:47 Town Watch
19:27 Wheelbarrow
28:28 Castle Age
27:29 Bloodlines
26:45 Man-at-Arms
27:11 Arson
27:49 Gold Mining
28:23 Stone Mining
29:22 Bow Saw
29:20 Heavy Plow
28:50 Elite Skirmisher
29:34 Squires
33:09 Town Patrol
33:25 Hand Cart
34:25 Husbandry
33:46 Light Cavalry
35:20 Pikeman
38:08 Thumb Ring
37:23 Crossbowman
50:14 Gold Shaft Mining
50:15 Stone Shaft Mining
Rislo69
11:09 Feudal Age
11:46 Double-Bit Axe
11:46 Horse Collar
17:41 Castle Age
20:34 Bloodlines
22:15 Town Watch
33:20 Imperial Age
31:05 Loom
31:50 Squires
31:35 Arson
31:11 Pikeman
32:43 Forging
32:48 Heavy Plow
33:04 Bow Saw
34:11 Wheelbarrow
33:42 Cavalier
34:58 Conscription
36:32 Ironclad
37:33 Hand Cart
40:25 Iron Casting
39:57 Scale Barding Armor
39:53 Padded Archer Armor
40:33 Town Patrol
42:25 Two-Man Saw
41:59 Crop Rotation
43:22 Paladin
44:35 Caravan
46:36 Stone Mining
46:37 Gold Mining
52:23 Elite Skirmisher
54:32 Gambesons
AYUDA-PERÚ
10:59 Feudal Age
9:15 Loom
14:55 Castle Age
13:09 Double-Bit Axe
14:14 Horse Collar
21:16 Fletching
21:30 Elite Skirmisher
22:12 Bodkin Arrow
24:17 Andean Sling
32:42 Imperial Age
31:12 Wheelbarrow
31:48 Murder Holes
33:45 Padded Archer Armor
34:45 Bracer
36:22 Conscription
36:28 Leather Archer Armor
38:09 Ballistics
37:33 Treadmill Crane
38:18 Bow Saw
38:10 Heavy Plow
39:18 Chemistry
39:13 Ring Archer Armor
39:44 Hand Cart
40:12 Siege Engineers
39:48 Treadmill Crane
42:27 Forging
42:09 Elite Kamayuk
42:50 Scale Mail Armor
45:24 Thumb Ring
45:58 Crossbowman
47:15 Chain Mail Armor
49:11 Iron Casting
49:16 Plate Mail Armor
49:29 Crop Rotation
51:19 Blast Furnace
Hymoteptep
10:56 Feudal Age
12:22 Loom
12:35 Double-Bit Axe
13:36 Horse Collar
21:05 Castle Age
21:08 Stone Mining
23:25 Crossbowman
25:40 Bow Saw
28:38 Fletching
32:44 Imperial Age
31:36 Wheelbarrow
31:24 Bodkin Arrow
34:24 Medium Warships
36:46 Heavy Warships
37:31 Conscription
37:14 Greek Fire
40:23 Conscription
46:50 Pikeman
50:14 Chemistry
52:47 Forging
52:38 Scale Mail Armor
60:14 Two-Man Saw
59:26 Heavy Plow
nyx
12:07 Feudal Age
13:06 Double-Bit Axe
20:16 Castle Age
18:27 Fishing Lines
20:32 Wheelbarrow
21:07 Gold Mining
22:54 Gold Shaft Mining
22:52 Fletching
23:02 Padded Archer Armor
24:25 Thumb Ring
25:52 Gillnets
26:02 Bodkin Arrow
26:23 Leather Archer Armor
27:31 Bow Saw
27:52 Hand Cart
27:37 Stone Mining
28:02 Bloodlines
28:12 Leather Archer Armor
33:16 Imperial Age
30:46 Horse Collar
34:46 Ballistics
34:52 Steppe Husbandry
35:02 Steppe Husbandry
36:35 Parthian Tactics
36:44 Ring Archer Armor
37:29 Chemistry
37:06 Heavy Cavalry Archer
38:26 Pikeman
39:07 Squires
38:52 Arson
42:33 Two-Man Saw
41:52 Halberdier
42:44 Scale Mail Armor
42:55 Forging
43:05 Halberdier
44:58 Chain Mail Armor
48:22 Elite Steppe Lancer
62:25 Elite Skirmisher
Connection lost

Rejoining the realm…

Still unreachable

The connection could not be restored.

Session expired

The server has moved on; the page needs a fresh start.